 Dungeon Crawl Stone Soup version 0.20-a0-537-g052e6ba (webtiles) character file.

174 Asddderdsw the Conjurer (level 5, 0/39 HPs)
             Began as a Demigod Conjurer on Jan 28, 2017.
             Succumbed to Asddderdsw's ghost's sting
             ... on level 3 of the Dungeon.
             The game lasted 00:10:35 (1899 turns).

Asddderdsw the Conjurer (Demigod Conjurer)          Turns: 1899, Time: 00:10:35

Health: 0/39       AC:  3    Str: 11    XL:     5   Next: 7%
Magic:  1/12       EV: 13    Int: 21    God:
Gold:   107        SH:  0    Dex: 16    Spells: 3/9 levels left

rFire    . . .     SeeInvis .   s - +0 quarterstaff
rCold    . . .     Gourm    .   a - +0 robe
rNeg     . . .     Faith    .   (shield currently unavailable)
rPois    .         Spirit   .   (helmet restricted)
rElec    .         Reflect  .   (no cloak)
rCorr    .         Harm     .   q - +0 pair of gloves
MR       .....                  t - +0 pair of boots
Stlth    ++........             (no amulet)
Regen    0.2/turn               (no ring)
                                o - ring of flight

@: lethally poisoned (0 -> -7)
A: horns 1, blurry vision 1, deformed body, deterioration 1, high mp 1, sturdy
frame 1
a: Evoke Flight


You were on level 3 of the Dungeon.
You were not hungry.

You visited 1 branch of the dungeon, and saw 3 of its levels.

You collected 107 gold pieces.

Inventory:

Hand Weapons
 l - a +0 whip
 s - a +0 quarterstaff (weapon)
Missiles
 e - 114 stones (quivered)
 h - 3 javelins
Armour
 a - a +0 robe (worn)
 q - a +0 pair of gloves (worn)
 t - a +0 pair of boots (worn)
Jewellery
 o - a ring of flight (left hand)
Scrolls
 d - 2 scrolls of blinking {unknown}
 i - a scroll of magic mapping {unknown}
 j - 2 scrolls of teleportation {unknown}
 m - 6 scrolls of identify {unknown}
 n - a scroll of remove curse {unknown}
 u - a scroll of fog {unknown}
 v - a scroll of noise {unknown}
Books
 b - a book of Conjurations

   Spells                             Type                      Level
   a - Magic Dart                     Conjuration                  1
   b - Searing Ray                    Conjuration                  2
   c - Dazzling Spray                 Conjuration/Hexes            3
   d - Fulminant Prism                Conjuration/Hexes            4
   e - Iskenderun's Mystic Blast      Conjuration                  4
   f - Iskenderun's Battlesphere      Conjuration/Charms           5
Comestibles
 c - 2 bread rations
 f - a meat ration
 g - 7 chunks of flesh
 p - a royal jelly


   Skills:
 + Level 0.3 Fighting
 + Level 0.6(1.1) Maces & Flails
 + Level 1.1(1.3) Staves
 + Level 2.3 Dodging
 + Level 2.0 Stealth
 + Level 2.8 Spellcasting
 + Level 4.6 Conjurations
 + Level 0.1 Hexes


You had 3 spell levels left.
You knew the following spells:

 Your Spells              Type           Power        Failure   Level  Hunger
a - Magic Dart            Conj           ###.         1%          1    None
b - Searing Ray           Conj           ###...       3%          2    ##.....
c - Dazzling Spray        Conj/Hex       ##....       17%         3    ###....


Dungeon Overview and Level Annotations

Branches:
Dungeon (3/15)


Innate Abilities, Weirdness & Mutations

You have an increased reservoir of magic. (+10% MP)
You have a pair of small horns on your head.
Scrolls take you a little longer to read.
Armour fits poorly on your strangely shaped body.
Your body sometimes deteriorates upon taking damage.
Your movements are slightly less encumbered by armour. (ER -2)


Message History

Press: ? - help, Shift-Dir - straight line, f/p - Asddderdsw's ghost
Aim: Asddderdsw's ghost (severely damaged)
The magic dart hits Asddderdsw's ghost.
Asddderdsw's ghost is severely damaged.
* * * LOW HITPOINT WARNING * * *
You feel sick.
* * * LOW HITPOINT WARNING * * *
You feel sick. Asddderdsw's ghost hits you.
* * * LOW HITPOINT WARNING * * *
You hit Asddderdsw's ghost but do no damage.
Asddderdsw's ghost is severely damaged.
* * * LOW HITPOINT WARNING * * *
You feel sick. Asddderdsw's ghost closely misses you.
You sock Asddderdsw's ghost!
You destroy Asddderdsw's ghost!
You feel your strength returning.
Your Staves skill increases to level 1!
Your Stealth skill increases to level 2!
You have reached level 5!
You die...

############# .......
##.....#.....## .......
##.............## .......
#................ .......
#................ .......
#.....รท[.[...(...
.......######..(.............
.............................
...##.....@................
#......#...............
#......##.....#........
#......############....
....##..# .... .....###.#
.... ......# #.# # ....
......# #.## ##. ... #..# ...


There were no monsters in sight!

Vanquished Creatures
  The ghost of Asddderdsw the Stinger, an amateur OpVM (D:3)
  4 adders
  An ooze (D:2)
  A worm (D:3)
  3 leopard geckos
  A ball python (D:1)
  5 giant cockroaches
  5 goblins
  6 hobgoblins
  4 jackals (D:1)
  6 bats
  8 kobolds
  11 rats
56 creatures vanquished.

Notes
Turn   | Place    | Note
-------+----------+-------------------------------------------
     0 | D:1      | Asddderdsw the Demigod Conjurer began the quest for the Orb.
     0 | D:1      | Reached XP level 1. HP: 14/14 MP: 5/5
   198 | D:1      | Reached skill level 4 in Conjurations
   198 | D:1      | Reached XP level 2. HP: 20/20 MP: 0/7
   659 | D:1      | Learned a level 2 spell: Searing Ray
   761 | D:1      | Reached XP level 3. HP: 26/26 MP: 5/8
   982 | D:2      | Found a hide-covered altar of Uskayaw.
  1228 | D:2      | Found a snail-covered altar of Cheibriados.
  1307 | D:2      | Learned a level 3 spell: Dazzling Spray
  1596 | D:2      | Reached XP level 4. HP: 26/33 MP: 7/10
  1860 | D:3      | Gained mutation: You have a pair of small horns on your head. [potion of mutation]
  1860 | D:3      | Gained mutation: Your movements are slightly less encumbered by armour. (ER -2) [potion of mutation]
  1860 | D:3      | Gained mutation: Scrolls take you a little longer to read. [potion of mutation]
  1864 | D:3      | Gained mutation: Armour fits poorly on your strangely shaped body. [potion of mutation]
  1864 | D:3      | Gained mutation: Your body sometimes deteriorates upon taking damage. [potion of mutation]
  1874 | D:3      | Noticed Asddderdsw's ghost (amateur OpVM)
  1897 | D:3      | HP: 1/33 [Asddderdsw's ghost (1)]
  1899 | D:3      | Killed Asddderdsw's ghost
  1899 | D:3      | Reached skill level 1 in Staves
  1899 | D:3      | Reached XP level 5. HP: 1/39 MP: 1/12
  1899 | D:3      | Succumbed to Asddderdsw's ghost's sting

Vault maps used:
D:1:      dpeg_arrival_water_temple_mockup, minmay_misc_feat_four_crosses,
          st_stairs_3
D:2:      lemuel_round_altar, nicolae_overflow_crystal_walls, first_bread,
          kennysheep_minor_cross
D:3:      uniq_sigmund

Skill      XL: |  1  2  3  4 |
---------------+-------------+-----
Conjurations   | 4 |  4.6
Dodging        | 2 |  2.3
Spellcasting   | 2 |  2.8
Staves         | 1 |  1.1
Stealth        | 2 |  2.0
Fighting       | |  0.3
Maces & Flails | |  0.6
Hexes          | |  0.1

Action                   |  1- 3 |  4- 6 || total
-------------------------+-------+-------++-------
Melee: Club              |    16 |       ||    16
       Whip              |    25 |       ||    25
       Dagger            |     3 |       ||     3
       Quarterstaff      |    12 |    19 ||    31
       Headbutt          |       |     1 ||     1
Throw: Stone             |     4 |       ||     4
 Cast: Magic Dart        |    82 |    24 ||   106
       Dazzling Spray    |       |     2 ||     2
  Use: Potion            |       |     3 ||     3
 Stab: Invisible         |       |     1 ||     1
  Eat: Chunk             |     3 |     1 ||     4
Armor: Robe              |    17 |     7 ||    24
Dodge: Dodged            |    56 |    17 ||    73
